 Dungeon Crawl Stone Soup version 0.30-a0-862-g1aabd4f9c5 (webtiles) character file.

Game seed: 4748011700073122581

19891 tarna41 the Fighter (level 12, -6/169 HPs)
             Began as a Minotaur Berserker on Mar 10, 2023.
             Was an Elder of Trog.
             Mangled by a fire elemental (12 damage)
             ... led by Azrael
             ... on level 13 of the Dungeon.
             The game lasted 00:23:30 (13475 turns).

tarna41 the Fighter (Minotaur Berserker)           Turns: 13475, Time: 00:23:31

Health: -6/169     AC: 29    Str: 27    XL:     12   Next: 40%
Magic:  9/9        EV: 12    Int:  6    God:    Trog [****..]
Gold:   1133       SH:  0    Dex: 13    Spells: 11/11 levels left

rFire   . . .      SeeInvis .    L - +4 hammer "Uscher" {heavy, Int+2 Dex+3}
rCold   . . .      Faith    .    c - orb {*Rage}
rNeg    . . .      Spirit   .    u - +0 plate armour
rPois   .          Reflect  .    (helmet restricted)
rElec   .          Rampage  .    K - +1 cloak
rCorr   .          Rage     20%  B - +0 pair of gloves
Will    .....                    v - +0 pair of boots Stlth
                                 (no amulet)
HPRegen 1.28/turn                j - +4 ring of protection
MPRegen 0.11/turn                C - +4 ring of protection

@: berserking (expiring), on fire, glowing, studying Evocations, very quick
A: horns 2, retaliatory headbutt, low MP 1, regeneration 1, MP-powered wands
a: Renounce Religion, Berserk, Trog's Hand, Brothers in Arms


You were on level 13 of the Dungeon.
You worshipped Trog.
Trog was greatly pleased with you.
You visited 1 branch of the dungeon, and saw 13 of its levels.

You collected 1301 gold pieces.
You spent 168 gold pieces at shops.

Inventory:

Hand Weapons
 a - a +0 hand axe
 l - a +3 mace
 p - a +3 falchion
 w - a +3 morningstar
 D - the +7 spear "Impbane" {heavy, rElec Dex-5 SInv Stlth+}
   (You found it on level 5 of the Dungeon)

   Dex:       It affects your dexterity (-5).
   rElec:     It insulates you from electricity.
   SInv:      It lets you see invisible.
   Stlth:     It makes you more stealthy.
 E - a +1 heavy glaive
 F - a +0 hand axe
 L - the +4 hammer "Uscher" (weapon) {heavy, Int+2 Dex+3}
   (You found it on level 6 of the Dungeon)

   Int:       It affects your intelligence (+2).
   Dex:       It affects your dexterity (+3).
 N - the +0 war axe "Newtslayer" {heavy, rN+}
   (You bought it in a shop on level 7 of the Dungeon)

   rN:        It protects you from negative energy.
 O - the +3 war axe "Honeoklu" {holy, MP+9}
   (You found it on level 8 of the Dungeon)

   MP:        It affects your magic capacity (+9).
Armour
 c - an orb of wrath (worn)
 f - a +0 cloak
 u - a +0 plate armour (worn)
 v - a +0 pair of boots (worn)
 B - a +0 pair of gloves (worn)
 G - a +2 kite shield
 K - a +1 cloak (worn)
Jewellery
 j - a +4 ring of protection (left hand)
 C - a +4 ring of protection (right hand)
Wands
 y - a wand of mindburst (15)
 H - a wand of digging (6)
 I - a wand of flame (21)
 M - a wand of polymorph (10)
 P - a wand of charming (10)
Scrolls
 e - 2 scrolls of amnesia
 h - 7 scrolls of noise
 k - 4 scrolls of butterflies
 n - 7 scrolls of teleportation
 r - a scroll of magic mapping
 x - 4 scrolls of immolation
 z - a scroll of fog
 J - a scroll of poison
 R - 2 scrolls of enchant weapon
 S - a scroll of fear
 U - 4 scrolls of blinking
 V - 2 scrolls of silence
Potions
 b - a potion of ambrosia {unknown}
 d - 3 potions of flight
 g - 3 potions of lignification {unknown}
 i - 5 potions of curing {unknown}
 m - 7 potions of mutation
 o - 4 potions of heal wounds {unknown}
 q - 2 potions of degeneration {unknown}
 s - 4 potions of magic {unknown}
 t - 3 potions of attraction {unknown}
 A - 2 potions of invisibility {unknown}
 Q - 2 potions of haste {unknown}
 T - a potion of might {unknown}


   Skills:
 + Level 12.9 Fighting
 - Level 8.7(10.6) Axes
 + Level 9.8(11.2) Maces & Flails
 + Level 12.6 Armour
 + Level 11.6 Dodging


You had 11 spell levels left.
You didn't know any spells.
Your spell library was empty.

Dungeon Overview and Level Annotations

Branches:
Dungeon (13/15)            Temple (0/1) D:4            Lair (0/5) D:10
    Orc (0/2) D:9
 Vaults: D:13-14

Altars:
Ashenzari
Elyvilon
Gozag
Hepliaklqana
Kikubaaqudgha
Makhleb
Okawaru
Ru
Sif Muna
Uskayaw
Vehumet
Wu Jian
Yredelemnul

Shops:
D:7 (*[*   D:13 [

Annotations:
D:13 Azrael


Innate Abilities, Weirdness & Mutations

You have a pair of horns on your head.
You reflexively headbutt those who attack you in melee.
Your magical capacity is low. (-10% MP)
Your natural rate of healing is unusually fast.
You expend magic power (3 MP) to strengthen your wands.


Message History

The hell hound bites you.
* * * LOW HITPOINT WARNING * * *
The fire elemental hits you. The hell hound closely misses you.
The hell hound bites you but does no damage. x2
You bludgeon the hell hound!! Your headbutt misses the hell hound.
The hell hound is almost dead.
The fire elemental closely misses you.
The hell hound bites you but does no damage.
The hell hound bites you.
* * * LOW HITPOINT WARNING * * *
The hell hound breathes flames at you. The blast of flame hits you!
* * * LOW HITPOINT WARNING * * *
You sock the hell hound!
You kill the hell hound!
Trog accepts your kill.
The hell hound bites you but does no damage. x2
The fire elemental closely misses you.
Unknown command.
You sock Azrael!
Azrael is lightly wounded.
The hell hound bites you but does no damage.
The hell hound breathes flames at you.
The blast of flame hits you but does no damage.
The fire elemental hits you.
* * * LOW HITPOINT WARNING * * *
The fire elemental burns you!
* * * LOW HITPOINT WARNING * * *
Azrael gestures at you.
The sticky flame hits you but does no damage.
You are covered in liquid flames!
The hell hound bites you.
* * * LOW HITPOINT WARNING * * *
The hell hound bites you but does no damage.
You bludgeon Azrael!!
Azrael is heavily wounded.
You are covered in liquid flames!
* * * LOW HITPOINT WARNING * * *
The fire elemental hits you. The fire elemental burns you!
You die...

#..............#........
....#..............#........
#...##########'##########...
#..................... #...
#..................... #...
#..................... #...
#..................... #...
#...°....EEhh......... #...
#..○.°°○○hR@.......... #...
#..○.############.#### ####
......○°# ... ......°h# ..
......h○# .......h#
#+####°○# ######### #.R.
#.....#.. #☼E. #.....'..


You could see Azrael, 2 fire elementals and 3 hell hounds.

Vanquished Creatures
  A centaur warrior (D:12)
  A two-headed ogre (D:11)
  A boulder beetle (D:11)
  The ghost of ders the Thaumaturge, a novice DjCj of Ashenzari (D:7)
  3 skeletal warriors (D:13)
  Lodul (D:10)
  Pikel (D:8)
  2 cyclopes
  2 gargoyles
  A kobold demonologist (D:12)
  An unseen horror (D:11)
  A komodo dragon (D:12)
  Maggie (D:6)
  A troll (D:13)
  The ghost of Airmonger the Cleaver, an amateur HOFi (D:4)
  A hornet (D:11)
  6 shadows
  16 yaks
  3 wyverns
  4 wraiths
  The ghost of Maxmaps the Ducker, an amateur GnMo (D:5)
  A fire elemental (D:13)
  13 vampire mosquitoes
  4 acid dragons
  2 hell hounds (D:13)
  Duvessa (D:6)
  A water moccasin (D:8)
  An ice beast (D:4)
  4 orc warriors
  A black bear (D:4)
  2 sky beasts (D:7)
  8 ogres
  8 centaurs
  A lemure (D:8)
  4 phantoms
  A kobold brigand (D:8)
  A gnoll sergeant (D:10)
  7 bullfrogs
  A wyvern zombie (D:5)
  A scorpion (D:5)
  9 wights
  Dowan (D:6)
  5 killer bees (D:5)
  A howler monkey (D:10)
  3 hounds
  3 jellies
  3 orc priests (D:5)
  A gnoll bouda (D:8)
  Crazy Yiuf (D:6)
  Jessica (D:2)
  Natasha (thrice) (D:3)
  Terence (D:3)
  5 iguanas
  3 orc wizards
  A killer bee zombie (D:5)
  6 ogre zombies (D:9)
  A howler monkey zombie (D:5)
  Robin (D:3)
  9 gnolls
  11 adders
  A shadow imp (D:8)
  A white imp (D:4)
  An ufetubus (D:6)
  4 worms
  2 dart slugs
  30 orcs
  6 endoplasms
  7 giant cockroaches
  12 goblins
  8 hobgoblins
  4 quokkas
  A ball python (D:3)
  4 bats
  3 frilled lizards
  5 goblin zombies (D:9)
  2 hobgoblin zombies (D:9)
  7 kobolds
  2 orc skeletons (D:9)
  10 orc zombies (D:9)
  6 rats
297 creatures vanquished.

Vanquished Creatures (others)
  3 fungi (D:6)
  10 plants (D:5)
13 creatures vanquished.

Grand Total: 310 creatures vanquished

Notes
Turn   | Place    | Note
-------+----------+-------------------------------------------
     0 | D:1      | tarna41 the Minotaur Berserker began the quest for the Orb.
     0 | D:1      | Reached XP level 1. HP: 19/19 MP: 0/0
    74 | D:1      | Found a faded altar of an unknown god.
   122 | D:1      | Reached XP level 2. HP: 12/27 MP: 1/1
   912 | D:2      | Reached XP level 3. HP: 23/33 MP: 2/2
  1308 | D:2      | Noticed Jessica
  1316 | D:2      | Killed Jessica
  1317 | D:2      | Reached XP level 4. HP: 40/40 MP: 3/3
  1967 | D:3      | Noticed Robin
  1974 | D:3      | Reached ** piety under Trog
  1976 | D:3      | Killed Robin
  2223 | D:3      | Found a radiant altar of Vehumet.
  2226 | D:3      | Found a sacrificial altar of Ru.
  2405 | D:3      | Noticed Terence
  2413 | D:3      | Killed Terence
  2414 | D:3      | Reached XP level 5. HP: 37/47 MP: 4/4
  2514 | D:3      | Found a shimmering blue altar of Sif Muna.
  2524 | D:3      | Found a basalt altar of Yredelemnul.
  2524 | D:3      | Found a broken altar of Ashenzari.
  2525 | D:3      | Found an ornate altar of the Wu Jian Council.
  2558 | D:3      | Noticed Natasha
  2561 | D:3      | Killed Natasha
  2601 | D:3      | Noticed Natasha
  2609 | D:3      | Killed Natasha
  2750 | D:3      | Noticed Natasha
  2756 | D:3      | Killed Natasha
  2757 | D:3      | Reached skill level 5 in Fighting
  2757 | D:3      | Reached skill level 5 in Axes
  3309 | D:4      | Reached XP level 6. HP: 56/56 MP: 5/5
  3518 | D:4      | Found a staircase to the Ecumenical Temple.
  3524 | D:4      | Noticed an ice beast
  3532 | D:4      | Killed an ice beast
  3809 | D:4      | Reached skill level 5 in Armour
  3809 | D:4      | Reached XP level 7. HP: 62/62 MP: 6/6
  4036 | D:4      | Found a runed translucent door.
  4127 | D:4      | Reached skill level 5 in Dodging
  4181 | D:4      | Noticed Airmonger's ghost (amateur HOFi)
  4194 | D:4      | Killed Airmonger's ghost
  4477 | D:5      | Entered Level 5 of the Dungeon
  4769 | D:5      | Reached *** piety under Trog
  4775 | D:5      | Reached XP level 8. HP: 71/71 MP: 7/7
  5137 | D:5      | Found a white marble altar of Elyvilon.
  5399 | D:5      | Identified the +4 spear "Qaryahex" {heavy, rC+ Int+3}
  5552 | D:5      | Found a runed translucent gate.
  5552 | D:5      | Found a runed translucent gate.
  5552 | D:5      | Found a runed translucent gate.
  5552 | D:5      | Noticed Maxmaps's ghost (amateur GnMo)
  5602 | D:5      | Killed Maxmaps's ghost
  5611 | D:5      | Identified the +7 spear "Impbane" {heavy, rElec Dex-5 SInv
                  | Stlth+}
  5812 | D:6      | Noticed Maggie
  5825 | D:6      | Killed Maggie
  5826 | D:6      | Reached XP level 9. HP: 81/81 MP: 8/8
  6031 | D:6      | Noticed Duvessa
  6031 | D:6      | Noticed Dowan
  6037 | D:6      | Killed Duvessa
  6048 | D:6      | Killed Dowan
  6114 | D:6      | Reached **** piety under Trog
  6247 | D:6      | Found a hazy altar of Hepliaklqana.
  6250 | D:6      | Found an opulent altar of Gozag.
  6597 | D:6      | Found a runed translucent door.
  6598 | D:6      | Noticed Crazy Yiuf
  6604 | D:6      | Killed Crazy Yiuf
  6612 | D:6      | Identified the +4 hammer "Uscher" {heavy, Int+2 Dex+3}
  6720 | D:7      | Found an ancient bone altar of Kikubaaqudgha.
  6755 | D:7      | Reached skill level 1 in Maces & Flails
  6837 | D:7      | Found Zuohof's Antique Weapon Shop.
  6844 | D:7      | Bought a steaming war axe for 144 gold pieces
  6844 | D:7      | Identified the +0 war axe "Newtslayer" {heavy, rN+} (You
                  | bought it in a shop on level 7 of the Dungeon)
  6869 | D:7      | Noticed ders's ghost (novice DjCj)
  6895 | D:7      | Found Noghesue's General Store.
  6939 | D:7      | Bought a scroll of identify for 24 gold pieces
  7020 | D:7      | Found Datouniw's Antique Armour Shop.
  7080 | D:7      | Found a hide-covered altar of Uskayaw.
  7200 | D:7      | Found a runed translucent door.
  7349 | D:7      | Found Ivvibreo's General Store.
  7570 | D:7      | Killed ders's ghost
  7571 | D:7      | Reached XP level 10. HP: 91/91 MP: 9/9
  7859 | D:8      | Reached skill level 10 in Fighting
  7995 | D:8      | Noticed Pikel
  8002 | D:8      | Killed Pikel
  8003 | D:8      | Reached skill level 5 in Maces & Flails
  8265 | D:8      | Identified the +3 war axe "Honeoklu" {holy, MP+9}
  8486 | D:9      | Reached skill level 10 in Armour
  8921 | D:9      | Reached ***** piety under Trog
  8927 | D:9      | Found a staircase to the Orcish Mines.
  8943 | D:9      | Reached XP level 11. HP: 61/101 MP: 10/10
  9646 | D:10     | Entered Level 10 of the Dungeon
  9716 | D:10     | Found a burning altar of Makhleb.
  9784 | D:10     | Found a staircase to the Lair.
  9871 | D:10     | Found an iron altar of Okawaru.
  9967 | D:10     | Noticed Lodul
  9980 | D:10     | Killed Lodul
 10069 | D:10     | Reached skill level 10 in Dodging
 10071 | D:10     | Received a gift from Trog
 11575 | D:11     | Noticed a boulder beetle
 11582 | D:11     | Killed a boulder beetle
 11604 | D:11     | Noticed a two-headed ogre
 11608 | D:11     | Killed a two-headed ogre
 12009 | D:12     | Noticed a centaur warrior
 12018 | D:12     | Killed a centaur warrior
 12102 | D:12     | Reached XP level 12. HP: 113/113 MP: 11/11
 13147 | D:13     | Found Cuelegg's Armour Shop.
 13341 | D:13     | Gained mutation: Your natural rate of healing is unusually
                  | fast. [potion of mutation]
 13341 | D:13     | Gained mutation: Your magical capacity is low. (-10% MP)
                  | [potion of mutation]
 13341 | D:13     | Gained mutation: You expend magic power (3 MP) to
                  | strengthen your wands. [potion of mutation]
 13456 | D:13     | Noticed Azrael
 13475 | D:13     | HP: 5/169 [burnt (4)]
 13475 | D:13     | Mangled by a fire elemental

Illustrated notes

Levels and vault maps discovered:
D:1:      lightli_arrival_lavapool, layout_basic, basic_ecumenical_altar
D:2:      layout_loops_corners, minmay_heptomino_h4, uniq_jessica
D:3:      layout_loops_corners, grunt_temple_overflow_open,
          minmay_misc_feat_chi, dk_noncrumbling_2, nicolae_figureground_pulse,
          uniq_robin, uniq_natasha, uniq_terence
D:4:      layout_gridville, minmay_temple_entry_antechambers,
          ebering_ghost_sewer_d, cheibrodos_gnoll_hut
D:5:      layout_loops_corners, nicolae_elyvilon_temple_path,
          gammafunk_ghost_necromancy
D:6:      layout_basic, nicolae_gozag_cash_rules_everything_around_me,
          kennysheep_little_box, uniq_maggie, uniq_crazy_yiuf_cottage,
          uniq_duvessa
D:7:      layout_basic, kiku_gazebo_pond_becter, overflow_temple_1_default,
          hellmonk_ghost_happy_afterlife, serial_shops,
          nicolae_shop_window_shopping, nicolae_stop_n_shop_1,
          kennysheep_mini_moat, nicolae_shop_advertising_works
          [nicolae_subvault_shop_adworks]
D:8:      layout_basic, uniq_pikel
D:9:      layout_loops_ring, zombieorc1_lemuel
D:10:     minmay_spotlight, layout_irregular_city, amcnicky_altar_gilded,
          mainiacjoe_overflow_paths, lair_entry_dummy, minmay_misc_feat_tiny,
          kennysheep_doodads, hangedman_decor_clover_reticule, uniq_lodul
D:11:     layout_loops_corners, minmay_door_square
D:12:     layout_roguey, serial_rivers, chequers_serial_rivers_marsh,
          chequers_serial_rivers_micro_a, chequers_serial_rivers_room_b,
          chequers_serial_rivers_marsh, chequers_serial_rivers_small_b
D:13:     layout_grid_maze, serial_shops, shop, st_stairs_1, uniq_azrael,
          uniq_erolcha

Skill      XL: |  1  2  3  4  5  6  7  8  9 10 11 12 |
---------------+-------------------------------------+-----
Axes           | 4 5 6 7 8 |  8.7
Fighting       | 4 5 6 7 9 10 12 | 12.9
Armour         | 3 4 5 6 7 9 10 12 | 12.6
Dodging        | 3 4 5 6 8 9 11 | 11.6
Maces & Flails | 3 6 8 9 |  9.8

Action                     |  1- 3 |  4- 6 |  7- 9 | 10-12 || total
---------------------------+-------+-------+-------+-------++-------
  Melee: Hand axe          |    43 |   115 |   241 |       ||   399
         Headbutt          |     6 |    19 |    51 |    67 ||   143
         Mace              |       |       |    36 |   351 ||   387
 Invoke: Berserk           |       |     1 |     5 |     9 ||    15
    Use: Scroll            |       |       |     3 |    11 ||    14
         Potion            |       |       |       |     1 ||     1
 Armour: Animal skin       |     3 |       |       |       ||     3
         Leather armour    |       |    13 |       |       ||    13
         Ring mail         |       |     1 |       |       ||     1
         Plate armour      |       |    17 |   130 |   271 ||   418
  Dodge: Dodged            |    32 |    50 |   104 |   276 ||   462

Table legend: (Time is in decaauts)
 A = Elapsed time spent in this place.
 B = Non-inter-level travel time spent in this place.
 C = Inter-level travel time spent in this place.
 D = Time resting spent in this place.
 E = Time spent auto-exploring this place.
 F = Levels seen in this place.
 G = Mean time per level.
                   A        B        C        D        E       F      G
               +--------+--------+--------+--------+--------+-----+--------+
         Total |  14246 |  13584 |    662 |   2822 |   8814 |  13 | 1095.8 |
       Dungeon |  14246 |  13584 |    662 |   2822 |   8814 |  13 | 1095.8 |
               +--------+--------+--------+--------+--------+-----+--------+

Top non-repeatable levels by time:
     D:3: 1519 daAuts
    D:11: 1386 daAuts
     D:5: 1373 daAuts
     D:9: 1366 daAuts
     D:4: 1289 daAuts
     D:2: 1017 daAuts
     D:7: 983 daAuts
    D:10: 983 daAuts
     D:6: 946 daAuts
    D:12: 916 daAuts
     D:1: 897 daAuts
    D:13: 796 daAuts
     D:8: 772 daAuts
